 Dungeon Crawl Stone Soup version 0.29-a0-187-ga23d9638d5 (webtiles) character file.

Game seed: 11853666783605862566

685 googobbug the Chopper (level 7, -4/60 (61) HPs)
             Began as a Hill Orc Fighter on Feb 21, 2022.
             Slain by Duvessa (9 damage)
             ... on level 5 of the Dungeon.
             The game lasted 00:11:49 (2649 turns).

googobbug the Chopper (Hill Orc Fighter)            Turns: 2649, Time: 00:11:51

HP:   -4/60 (61)    AC:  7    Str: 21    XL:     7   Next: 62%
MP:   7/7           EV:  9    Int:  8    God:
Gold: 143           SH:  9    Dex: 10    Spells: 6/6 levels left

rFire   . . .      SeeInvis .   a - +0 war axe
rCold   . . .      Faith    .   c - +0 buckler
rNeg    . . .      Spirit   .   b - +0 scale mail
rPois   .          Reflect  +   (no helmet)
rElec   .          Harm     .   (no cloak)
rCorr   .          Rampage  .   (no gloves)
Will    .....                   (no boots)
Stlth   ..........              g - amulet of reflection
HPRegen 0.20/turn               (no ring)
MPRegen 0.10/turn               (no ring)

@: lightly drained
A: no striking features
a: no special abilities


You were on level 5 of the Dungeon.
You visited 1 branch of the dungeon, and saw 5 of its levels.
You also visited: Ossuary.

You collected 143 gold pieces.

Inventory:

Hand Weapons
 a - a +0 war axe (weapon)
Armour
 b - a +0 scale mail (worn)
 c - a +0 buckler (worn)
 k - a +0 helmet
Jewellery
 g - an amulet of reflection (around neck)
 t - a +4 ring of evasion
Wands
 j - a wand of mindburst (12)
 s - a wand of iceblast (7)
Scrolls
 e - a scroll of blinking {unknown}
 f - a scroll of brand weapon {unknown}
 h - 2 scrolls of teleportation {unknown}
 i - 3 scrolls of identify {unknown}
 o - 2 scrolls of enchant weapon {unknown}
Potions
 d - a potion of might
 l - a potion of attraction {unknown}
 m - a potion of degeneration {unknown}
 n - 2 potions of flight {unknown}
 p - 2 potions of lignification {unknown}
 q - 4 potions of curing {unknown}
 r - a potion of ambrosia {unknown}


   Skills:
 + Level 5.5 Fighting
 + Level 7.2 Axes
 + Level 4.9 Armour
 + Level 1.3 Dodging
 + Level 4.9 Shields


You had 6 spell levels left.
You didn't know any spells.
Your spell library contained the following spells:

 Spells                   Type           Power      Damage    Failure   Level
 Gell's Gravitas          Tloc           0%         N/A       99%         3
 Teleport Other           Tloc           0%         N/A       99%         3
 Cause Fear               Hex            0%         N/A       100%        4
 Dispersal                Tloc           0%         N/A       100%        6
 Dragon Form              Tmut           0%         N/A       100%        7
 Dragon's Call            Summ           0%         N/A       100%        9


Dungeon Overview and Level Annotations

Branches:
Dungeon (5/15)            Ossuary (visited)
 Temple: D:4-7

Altars:
Fedhas

Annotations:
D:4 2 transporters
D:5 Duvessa


Message History

You hit the plant.
A nearby fungus withers and dies.
A nearby plant withers and dies.
Duvessa shouts!
Duvessa goes berserk!
A gnoll comes into view. It is wielding a +0 flail.
The gnoll shouts!
A gnoll comes into view. It is wielding a +0 whip.
The gnoll moves out of view.
The gnoll shouts!
You hear a shout!
Duvessa rages. x2
You hear a shout!
You completely miss Duvessa. You barely miss the gnoll.
A gnoll shaman comes into view. It is wielding a +0 club.
You block Duvessa's attack. The gnoll hits you with a +0 flail.
Duvessa hits you with a +0 rapier!
You slash Duvessa!
Duvessa is lightly wounded.
You hit the gnoll. You block Duvessa's attack.
A jelly comes into view.
You block the gnoll's attack.
The jelly quivers.
You hit Duvessa.
Duvessa is moderately wounded.
You hit the gnoll but do no damage. Duvessa hits you with a +0 rapier!
You block Duvessa's attack. The gnoll hits you but does no damage.
Press: ? - help, v - describe, . - travel The floor.
You hit Duvessa.
Duvessa is moderately wounded.
You slash the gnoll!
You kill the gnoll!
Duvessa hits you with a +0 rapier! You block Duvessa's attack.
The gnoll hits you but does no damage.
You hit Duvessa but do no damage.
Duvessa is moderately wounded.
You slash the gnoll! Duvessa hits you with a +0 rapier!
* * * LOW HITPOINT WARNING * * *
A gnoll comes into view. It is wielding a +0 spear.
The gnoll hits you but does no damage. Duvessa hits you with a +0 rapier!
You die...

.#.....## .#..#
#.....#..# # #.#.#
###.#.##.## #.#.#.#
#.#.##... .#.#.##
###...P.... .....
.....PP...) # #.#.#
###.#PP_...
..###g#e#.######..PP...#
...J.gg@............P..#
#####################..#
#.## ..## #.### #.


You could see Duvessa (berserk), a gnoll shaman, a jelly and 2 gnolls.

Vanquished Creatures
  A necrophage (D:5)
  An ogre (D:4)
  An elf zombie (Ossuary)
  Dowan (D:5)
  A howler monkey (D:4)
  3 orc priests
  2 human zombies (Ossuary)
  Natasha (twice) (D:2)
  2 mummies (Ossuary)
  Robin (D:1)
  2 adders
  A gnoll (D:5)
  An adder zombie (Ossuary)
  7 orcs
  7 bats
  6 endoplasms
  A giant cockroach (D:2)
  11 goblins
  6 hobgoblins
  8 jackals (D:1)
  3 kobolds
  A quokka (D:1)
  4 ball pythons
  2 frilled lizards
  2 goblin zombies (Ossuary)
  9 hobgoblin zombies (Ossuary)
  A jackal zombie (Ossuary)
  11 kobold zombies (Ossuary)
  6 orc zombies (Ossuary)
  A quokka skeleton (D:4)
  A rat (D:1)
  3 rat zombies (Ossuary)
109 creatures vanquished.

Vanquished Creatures (others)
  4 fungi (D:5)
  2 plants (D:5)
6 creatures vanquished.

Grand Total: 115 creatures vanquished

Notes
Turn   | Place    | Note
-------+----------+-------------------------------------------
     0 | D:1      | googobbug the Hill Orc Fighter began the quest for the Orb.
     0 | D:1      | Reached XP level 1. HP: 19/19 MP: 1/1
    83 | D:1      | Reached XP level 2. HP: 19/27 MP: 2/2
   286 | D:1      | Found a faded altar of an unknown god.
   317 | D:1      | Reached skill level 3 in Axes
   492 | D:1      | Reached XP level 3. HP: 33/33 MP: 3/3
   545 | D:2      | Noticed Robin
   573 | D:1      | Killed Robin
   683 | D:2      | Reached XP level 4. HP: 25/40 MP: 4/4
   858 | D:2      | Noticed Natasha
   883 | D:2      | HP: 2/40 [Natasha (4)]
   894 | D:2      | HP: 2/40 [Natasha/magic dart (2)]
  1192 | D:2      | Killed Natasha
  1272 | D:2      | Noticed Natasha
  1293 | D:2      | Killed Natasha
  1294 | D:2      | Reached skill level 4 in Axes
  1418 | D:3      | Reached XP level 5. HP: 45/46 MP: 5/5
  1835 | D:4      | Noticed an ogre
  1842 | D:4      | Killed an ogre
  1843 | D:4      | Reached skill level 5 in Axes
  1843 | D:4      | Reached XP level 6. HP: 53/53 MP: 6/6
  1976 | D:4      | Reached skill level 5 in Fighting
  1997 | D:4      | Found a transporter.
  2020 | D:4      | Found a transporter.
  2060 | D:4      | Found a sand-covered staircase.
  2067 | Ossuary  | Entered an ossuary
  2186 | Ossuary  | Reached skill level 6 in Axes
  2186 | Ossuary  | Reached XP level 7. HP: 39/61 MP: 7/7
  2192 | Ossuary  | Reached skill level 1 in Dodging
  2457 | D:5      | Entered Level 5 of the Dungeon
  2601 | D:5      | Found a blossoming altar of Fedhas.
  2612 | D:5      | Noticed Dowan
  2613 | D:5      | Noticed Duvessa
  2622 | D:5      | Killed Dowan
  2623 | D:5      | Reached skill level 7 in Axes
  2649 | D:5      | Slain by Duvessa

Illustrated notes

Levels and vault maps discovered:
D:1:      dpeg_arrival_tiny_f, layout_loops_ring,
          chequers_ecumenical_altar_grove
D:2:      layout_basic, basic_altar, uniq_natasha, uniq_robin
D:3:      layout_loops_cross, mainiacjoe_overflow_catwalk,
          chequers_temple_overflow_minitemple, portal_sewer_entry_e
D:4:      gammafunk_steamed_eel, layout_basic, lemuel_tele_altar,
          nicolae_ossuary_entry_ruins, st_stairs_2
D:5:      layout_loops_ring, fedhas_altar_3, gammafunk_temple_overflow_statue,
          uniq_duvessa

Skill      XL: |  1  2  3  4  5  6  7 |
---------------+----------------------+-----
Axes           | 3 4 5 6 7 |  7.2
Fighting       | 4 5 |  5.5
Armour         | 4 |  4.9
Shields        | 4 |  4.9
Dodging        | 1 |  1.3

Action                   |  1- 3 |  4- 6 |  7- 9 || total
-------------------------+-------+-------+-------++-------
Melee: War axe           |    99 |   155 |    39 ||   293
Armor: Scale mail        |    53 |    62 |    12 ||   127
Dodge: Dodged            |    62 |    70 |     8 ||   140
Block: Buckler           |    65 |    87 |    16 ||   168
       Reflection        |       |     2 |       ||     2

Table legend: (Time is in decaauts)
 A = Elapsed time spent in this place.
 B = Non-inter-level travel time spent in this place.
 C = Inter-level travel time spent in this place.
 D = Time resting spent in this place.
 E = Time spent auto-exploring this place.
 F = Levels seen in this place.
 G = Mean time per level.
                   A        B        C        D        E       F      G
               +--------+--------+--------+--------+--------+-----+--------+
         Total |   2765 |   2765 |      0 |   1133 |      0 |   6 |  460.8 |
       Dungeon |   2378 |   2378 |      0 |    983 |      0 |   5 |  475.6 |
       Ossuary |    386 |    386 |      0 |    150 |      0 |   1 |  386.0 |
               +--------+--------+--------+--------+--------+-----+--------+

Top non-repeatable levels by time:
     D:1: 998 daAuts
     D:4: 489 daAuts
     D:2: 447 daAuts
 Ossuary: 386 daAuts
     D:3: 245 daAuts
     D:5: 196 daAuts
